 Dungeon Crawl Stone Soup version 0.18.1-50-g88ac8fd (webtiles) character file.

7757 sleepydude the Fighter (level 11, -1/102 HPs)
             Began as a Minotaur Berserker on Oct 4, 2016.
             Was a High Priest of Trog.
             Slain by a wyvern (10 damage)
             ... on level 11 of the Dungeon.
             The game lasted 00:59:03 (9416 turns).

sleepydude the Fighter (Minotaur Berserker)         Turns: 9416, Time: 00:59:04

Health: -1/102     AC: 17    Str: 23    XL:     11   Next: 1%
Magic:  10/10      EV:  6    Int:  4    God:    Trog [*****.]
Gold:   608        SH: 11    Dex: 15    Spells: 0 memorised, 10 levels left

rFire  . . .     SeeInvis .     R - +6 mace of Tamo {crush, rPois MR++}
rCold  . . .     Gourm    .     K - +0 chain mail
rNeg   . . .     Faith    .     U - +0 shield
rPois  +         Spirit   .     (helmet restricted)
rElec  .         Dismiss  .     A - +2 cloak {rPois}
rCorr  .         Reflect  .     (no gloves)
SustAt .         Harm     .     (no boots)
MR     ++...                    e - amulet of rage
Stlth  ..........               D - +3 ring of protection
                                i - +3 ring of dexterity

@: very resistant to hostile enchantments, extremely unstealthy
A: retaliatory headbutt, horns 2
a: Berserk, Trog's Hand, Brothers in Arms, Burn Spellbooks, Renounce Religion,
Evoke Berserk Rage


You were on level 11 of the Dungeon.
You worshipped Trog.
Trog was extremely pleased with you.
You were very hungry.

You visited 1 branch of the dungeon, and saw 11 of its levels.
You also visited: Sewer.

You collected 816 gold pieces.
You spent 208 gold pieces at shops.

Inventory:

Hand Weapons
 g - the +9 long sword of Dissent {slice, rF- rC+ MR++ Int-4}
   (You found it on level 7 of the Dungeon)

   It inflicts extra damage upon your enemies.
   It affects your intelligence (-4).
   It makes you vulnerable to fire.
   It protects you from cold.
   It affects your resistance to hostile enchantments.
 G - a +1 vampiric whip
 R - the +6 mace of Tamo (weapon) {crush, rPois MR++}
   (You bought it in a shop on level 8 of the Dungeon)

   It inflicts extra damage upon your enemies.
   It protects you from poison.
   It affects your resistance to hostile enchantments.
 X - a +4 antimagic flail
Armour
 A - a +2 cloak of poison resistance (worn)
 K - a +0 chain mail (worn)
 P - a +1 ring mail of fire resistance
 U - a +0 shield (worn)
Jewellery
 e - an amulet of rage (around neck)
 i - a +3 ring of dexterity (left hand)
 j - an uncursed ring of magical power
 D - a +3 ring of protection (right hand)
 I - an uncursed ring of protection from magic
Wands
 p - a wand of polymorph (8/24)
 v - a wand of digging (7/24)
 S - a wand of digging (1/24)
Scrolls
 h - 7 scrolls of teleportation
 l - 3 scrolls of identify
 q - a scroll of recharging
 u - 2 scrolls of enchant armour
 y - a scroll of blinking
 F - 2 scrolls of fog
 M - a scroll of remove curse
 T - a scroll of holy word
 V - 2 scrolls of magic mapping {unknown}
 Y - 3 scrolls of fear
Potions
 d - 2 potions of haste
 f - 3 potions of might
 k - 2 potions of flight
 m - 2 potions of cure mutation
 n - 2 potions of lignification {unknown}
 s - 2 potions of degeneration {unknown}
 t - 4 potions of brilliance {unknown}
 w - a potion of beneficial mutation {unknown}
 z - 7 potions of curing
 B - a potion of resistance {unknown}
 C - a potion of experience {unknown}
 E - a potion of heal wounds {unknown}
 J - 2 potions of invisibility {unknown}
 O - 2 potions of berserk rage {unknown}
 Q - a potion of mutation {unknown}
Comestibles
 a - 10 royal jellies
 b - 2 fruits
 c - 5 bread rations
 r - 2 beef jerkies
 x - 7 meat rations


   Skills:
 + Level 11.2 Fighting
 + Level 10.8 Maces & Flails
 - Level 8.6 Armour
 - Level 7.4 Dodging
 + Level 8.0 Shields


You had 10 spell levels left.
You didn't know any spells.

Dungeon Overview and Level Annotations

Branches:
Dungeon (11/15)            Temple (0/1) D:5            Lair (0/8) D:8
    Orc (0/2) D:10

Altars:
Ashenzari
Cheibriados
Gozag
Kikubaaqudgha
Okawaru
Qazlal
Sif Muna
Trog
Zin

Shops:
D:7 (   D:8 (

Annotations:
D:11 2 runed doors, Sonja


Innate Abilities, Weirdness & Mutations

You reflexively headbutt those who attack you in melee.
You have a pair of horns on your head.


Message History

You are covered in liquid flames!
* * * LOW HITPOINT WARNING * * *
There is a large open door here.
You are covered in liquid flames!
* * * LOW HITPOINT WARNING * * *
The deep elf mage mumbles some strange words.
The deep elf mage blinks!
Your surroundings suddenly seem different.
An iguana comes into view.
The iguana hisses angrily.
A wyvern comes into view.
You block the wyvern's attack. x2
The wyvern barely misses you. You block the wyvern's attack.
The wyvern bites you.
* * * LOW HITPOINT WARNING * * *
The wyvern barely misses you.
There is a stone staircase leading down here.
You block the wyvern's attack. The wyvern bites you!
You die...

.. #.............##
.....# #...............
...... #...............
...... #...............
......####..............
.!................).....
........................
..................#(....
######.@................
.......ll......#####....
...............# #...#
....%..........# #...#
.........#...#######...#
........................
.##.....................
########............ .
###.........#


You could see a wyvern and an iguana.

Vanquished Creatures
  The ghost of Vwyx the Skirmisher, a novice NaBe of Trog (D:8)
  Maurice (D:8)
  Joseph (D:8)
  A troll (D:10)
  Grinder (D:6)
  6 yaks (D:9)
  2 hippogriffs
  A hungry ghost (D:9)
  A steam dragon (D:7)
  A mottled dragon (D:9)
  Duvessa (D:7)
  4 orc warriors
  2 ice beasts
  A phantom (D:7)
  3 ogres
  2 crocodiles (D:9)
  3 centaurs
  6 giant frogs
  Dowan (D:7)
  2 scorpions
  A water moccasin skeleton (D:9)
  9 killer bees
  10 wights
  3 howler monkeys
  A centaur zombie (D:7)
  3 crimson imps
  2 giant frog skeletons (D:8)
  4 orc priests
  9 hounds
  7 jellies
  3 iguanas
  12 orc wizards
  9 worker ants
  A hound skeleton (D:4)
  A howler monkey zombie (D:7)
  A worker ant zombie (D:8)
  4 gnolls (D:5)
  16 adders
  A river rat (Sewer)
  A shadow imp (D:7)
  6 oozes
  An adder zombie (D:7)
  2 adder skeletons (D:7)
  A worm (D:2)
  2 dart slugs (D:1)
  11 giant geckos
  29 orcs
  7 bats
  7 giant cockroaches
  7 goblins
  6 hobgoblins
  8 jackals
  3 quokkas
  7 ball pythons
  10 giant newts
  A jackal skeleton (D:8)
  A jackal zombie (D:6)
  7 kobolds
  A quokka skeleton (D:8)
  A quokka zombie (D:5)
  13 rats
270 creatures vanquished.

Vanquished Creatures (others)
  A wizard (D:4)
1 creature vanquished.

Grand Total: 271 creatures vanquished

Notes
Turn   | Place    | Note
--------------------------------------------------------------
     0 | D:1      | sleepydude the Minotaur Berserker began the quest for the Orb.
     0 | D:1      | Reached XP level 1. HP: 19/19 MP: 0/0
    82 | D:1      | Reached XP level 2. HP: 24/26 MP: 1/1
   457 | D:1      | Reached skill level 5 in Maces & Flails
   494 | D:1      | Reached XP level 3. HP: 31/31 MP: 2/2
   505 | D:1      | Reached ** piety under Trog
   649 | D:2      | Found an ancient bone altar of Kikubaaqudgha.
   878 | D:2      | Reached XP level 4. HP: 15/39 MP: 3/3
  1323 | D:2      | Found a deep blue altar of Sif Muna.
  1906 | D:3      | Reached skill level 4 in Fighting
  1906 | D:3      | Reached XP level 5. HP: 17/46 MP: 4/4
  2004 | D:3      | Found an iron altar of Okawaru.
  2004 | D:3      | Found a snail-covered altar of Cheibriados.
  2103 | D:3      | Found a glowing drain.
  2113 | Sewer    | Entered a sewer
  2154 | Sewer    | Reached *** piety under Trog
  2609 | D:3      | Found a shattered altar of Ashenzari.
  2844 | D:3      | Reached skill level 5 in Fighting
  2844 | D:3      | Reached XP level 6. HP: 55/56 MP: 5/5
  3038 | D:4      | Reached **** piety under Trog
  3252 | D:4      | Found a bloodstained altar of Trog.
  3254 | D:4      | Noticed a wizard
  3259 | D:4      | Killed a wizard
  3450 | D:4      | Reached skill level 6 in Fighting
  3470 | D:4      | Found an opulent altar of Gozag.
  3568 | D:5      | Entered Level 5 of the Dungeon
  3662 | D:5      | Reached XP level 7. HP: 63/63 MP: 6/6
  3789 | D:5      | Found a staircase to the Ecumenical Temple.
  4120 | D:5      | Reached skill level 7 in Fighting
  4316 | D:5      | Reached XP level 8. HP: 66/73 MP: 7/7
  4343 | D:5      | Reached skill level 5 in Armour
  4692 | D:6      | Reached ***** piety under Trog
  4775 | D:6      | Noticed Grinder
  4785 | D:6      | Killed Grinder
  4785 | D:6      | Reached skill level 5 in Dodging
  4832 | D:6      | Found a glowing silver altar of Zin.
  5165 | D:7      | Found Quemepn's Antique Weapon Shop.
  5187 | D:7      | Got a crude long sword
  5189 | D:7      | Lost intelligence.
  5189 | D:7      | Identified the +9 long sword of Dissent {slice, rF- rC+ MR++ Int-4} (You found it on level 7 of the Dungeon)
  5238 | D:7      | Reached skill level 8 in Fighting
  5770 | D:7      | Reached XP level 9. HP: 60/82 MP: 8/8
  5903 | D:7      | Reached skill level 1 in Shields
  5939 | D:7      | Noticed Dowan
  5940 | D:7      | Noticed Duvessa
  5962 | D:7      | Killed Duvessa
  5970 | D:7      | Killed Dowan
  6736 | D:8      | Noticed Joseph
  6750 | D:8      | Killed Joseph
  6750 | D:8      | Reached skill level 5 in Shields
  6814 | D:8      | Noticed Vwyx's ghost (novice NaBe)
  6830 | D:8      | Killed Vwyx's ghost
  6830 | D:8      | Reached skill level 9 in Fighting
  7154 | D:8      | Reached XP level 10. HP: 91/91 MP: 9/9
  7279 | D:8      | Found Nynub's Antique Weapon Boutique.
  7282 | D:8      | Bought a pitted mace for 208 gold pieces
  7297 | D:8      | Identified the +6 mace of Tamo {crush, rPois MR++} (You bought it in a shop on level 8 of the Dungeon)
  7543 | D:8      | Noticed Maurice
  7674 | D:8      | Killed Maurice
  7734 | D:8      | Reached skill level 10 in Fighting
  7786 | D:8      | Found a staircase to the Lair.
  8016 | D:9      | You fall through a shaft!
  8016 | D:10     | Entered Level 10 of the Dungeon
  8220 | D:10     | Found a staircase to the Orcish Mines.
  8299 | D:9      | Found a stormy altar of Qazlal.
  8339 | D:9      | Reached skill level 10 in Maces & Flails
  8460 | D:9      | Received a gift from Trog
  8750 | D:9      | Reached skill level 11 in Fighting
  9300 | D:11     | Noticed Sonja
  9335 | D:11     | Reached XP level 11. HP: 102/102 MP: 10/10
  9391 | D:11     | Found a large runed door.
  9392 | D:11     | Found a large runed door.
  9398 | D:11     | Noticed a deep elf mage
  9399 | D:11     | Found a large runed door.
  9399 | D:11     | Found a large runed door.
  9416 | D:11     | Slain by a wyvern

Skill      XL: |  1  2  3  4  5  6  7  8  9 10 11 |
---------------+----------------------------------+-----
Maces & Flails | 4 5 6 7 8 9 10 | 10.8
Fighting       | 4 5 6 7 8 9 11 | 11.2
Armour         | 4 7 8 |  8.6
Dodging        | 4 6 7 |  7.4
Shields        | 6 7 8 |  8.0

Action                   |  1- 3 |  4- 6 |  7- 9 | 10-12 || total
-------------------------+-------+-------+-------+-------++-------
Melee: Mace              |    83 |    37 |       |   185 ||   305
       Headbutt          |     9 |    39 |    94 |    53 ||   195
       Whip              |       |   162 |   395 |    11 ||   568
Invok: Burn Spellbooks   |     1 |       |     1 |     1 ||     3
       Berserk           |       |     3 |     7 |     3 ||    13
  Use: Scroll            |       |     2 |    18 |     3 ||    23
       Potion            |       |       |     1 |       ||     1
  Eat: Chunk             |       |     6 |    14 |     4 ||    24
       Fruit             |       |     2 |     5 |     2 ||     9
       Pizza             |       |     1 |     1 |       ||     2
       Bread ration      |       |     1 |     1 |     1 ||     3
       Beef jerky        |       |     1 |       |       ||     1
Armor: Animal skin       |     3 |       |       |       ||     3
       Scale mail        |    29 |    77 |    10 |       ||   116
       Ring mail         |     4 |       |       |       ||     4
       Chain mail        |       |       |   106 |    79 ||   185
Dodge: Dodged            |    47 |   103 |   111 |    63 ||   324
Block: Buckler           |       |       |    30 |    21 ||    51
       Shield            |       |       |       |    54 ||    54
